Map: Emerald City LE

Players

shookones

  • Race: Protoss Protoss
  • League: Gold
  • Spawn Location: 11:00

Destinesia

  • Race: Protoss Protoss
  • League: Platinum
  • Spawn Location: 11:00

Subwaymaker - Winner!

  • Race: Protoss Protoss
  • League: Silver
  • Spawn Location: 5:00

Mesrob - Winner!

  • Race: Terran Terran
  • Spawn Location: 5:00

VOD

Have the link to the VOD?

Description

Time

  • Played on: Jan. 8, 2019, 11:33 a.m.
  • Length: 8:52
Show
View Real Time Build Order
Export as new Build Order

shookones Protoss 

Build Orders: Colossus Rush 

Get SALT Encoding   

  12  0:03  Probe  
  13  0:15  Probe  
  14  0:22  Pylon  
  14  0:28  Probe  
  15  0:36  Probe  
  16  0:44  Gateway  
  16  0:51  Probe  
  16  0:54  Assimilator  
  16  0:56  Assimilator  
  17  1:03  Probe  
  18  1:29  Probe  
  19  1:36  Cybernetics Core  
  19  1:40  Pylon  
  19  1:51  Nexus  
  19  1:59  Probe  
  20  2:07  Probe  
  20  2:14  Stalker  
  23  2:15  Probe  
  24  2:27  Probe  
  24  2:28  Pylon  
  25  2:32  Warp Gate  
  25  2:44  Stalker  
  25  2:51  Robotics Facility  
  27  3:03  Twilight Council  
  27  3:06  Probe  
  27  3:08  Probe  
  29  3:18  Probe  
  30  3:20  Probe  
  31  3:30  Probe  
  31  3:32  Probe  
  33  3:36  Gateway  
  33  3:45  Gateway  
  33  4:07  Probe x2  
  33  4:11  Assimilator, Charge  
  33  4:15  Assimilator  
  33  4:19  Probe x2  
  33  4:20  Robotics Bay  
  35  4:25  Observer  
  36  4:31  Probe x2  
  36  4:35  Pylon  
  38  4:40  Pylon  
  38  4:43  Probe  
  38  4:44  Probe  
  40  4:46  Stalker  
  40  4:47  Stalker  
  40  4:49  Stalker  
  46  5:05  Robotics Facility  
  46  5:10  Colossus  
  46  5:12  Probe  
  46  5:13  Probe  
  54  5:24  Probe  
  54  5:25  Probe  
  54  5:27  Forge  
  56  5:29  Forge  
  56  5:37  Probe x2  
  58  5:49  Probe, Templar Archives  
  59  5:50  Protoss Ground Armor Level 1, Protoss Ground Weapons Level 1  
  59  5:57  Pylon  
  59  6:02  Pylon  
  59  6:05  Pylon  
  59  6:14  Nexus  
  59  6:15  Pylon  
  59  6:16  Colossus  
  65  6:44  Disruptor  
  51  6:58  Zealot x3  
  51  6:59  Disruptor  
  58  7:27  Zealot x3  
  63  7:36  Disruptor  
  51  7:56  Zealot  
  51  7:57  Disruptor  
Show
View Real Time Build Order
Export as new Build Order

Destinesia Protoss 

Build Orders:  

Get SALT Encoding   

  1  0:00  Probe  
  12  0:06  Probe  
  14  0:24  Pylon  
  14  0:27  Probe  
  15  0:42  Probe  
  16  0:45  Gateway  
  16  0:48  Assimilator  
  16  0:54  Probe  
  17  1:06  Probe  
  18  1:18  Probe  
  19  1:23  Assimilator  
  19  1:25  Pylon  
  19  1:33  Cybernetics Core  
  19  1:37  Probe  
  20  1:49  Probe  
  21  2:00  Stalker  
  21  2:01  Probe  
  22  2:14  Warp Gate  
  24  2:29  Stalker  
  26  2:45  Nexus  
  26  2:54  Robotics Facility  
  26  2:56  Pylon  
  26  2:59  Stalker  
  28  3:20  Stargate  
  28  3:23  Pylon  
  28  3:29  Stalker  
  30  3:43  Observer  
  31  3:59  Probe  
  31  4:00  Probe  
  33  4:11  Probe, Gateway  
  33  4:12  Probe  
  33  4:13  Gateway  
  33  4:16  Pylon  
  35  4:18  Pylon  
  35  4:21  Twilight Council  
  35  4:22  Pylon  
  35  4:26  Phoenix  
  37  4:33  Probe x2  
  39  4:45  Probe  
  39  4:46  Probe  
  39  4:52  Phoenix  
  43  5:04  Probe x2  
  45  5:09  Stalker x2  
  49  5:16  Probe x2  
  49  5:20  Phoenix  
  53  5:37  Forge, Probe x2  
  53  5:39  Pylon  
  53  5:42  Assimilator  
  55  5:47  Assimilator  
  55  5:49  Probe x2  
  57  6:00  Pylon  
  57  6:02  Protoss Ground Weapons Level 1  
  57  6:03  Pylon, Phoenix  
  59  6:06  Pylon  
  59  6:10  Stalker x2  
  63  6:23  Probe x2  
  65  6:33  Stalker  
  65  6:34  Stalker  
  65  6:35  Probe  
  29  7:03  Stalker x2  
  29  7:04  Stalker  
  29  7:10  Void Ray  
  27  7:32  Stalker x3  
  29  7:56  Stalker x2  
  29  8:11  Stalker  
  23  8:23  Stalker  
  23  8:24  Stalker  
Show
View Real Time Build Order
Export as new Build Order

Subwaymaker Protoss - Winner!

Build Orders:  

Get SALT Encoding   

  1  0:00  Probe  
  13  0:24  Probe  
  13  0:25  Pylon  
  14  0:30  Assimilator  
  14  0:36  Probe  
  15  0:50  Probe  
  15  0:51  Gateway  
  16  0:58  Probe  
  17  1:06  Probe  
  18  1:16  Probe  
  18  1:21  Pylon  
  19  1:29  Probe  
  20  1:38  Zealot  
  22  1:41  Probe  
  23  1:51  Cybernetics Core  
  23  1:53  Probe  
  24  1:58  Pylon  
  24  2:03  Probe, Gateway  
  25  2:11  Probe  
  25  2:14  Zealot  
  28  2:19  Probe  
  29  2:32  Twilight Council  
  29  2:36  Pylon  
  29  2:41  Zealot  
  29  2:43  Assimilator  
  31  2:44  Warp Gate  
  31  2:48  Probe  
  32  3:00  Probe  
  32  3:02  Charge  
  32  3:03  Gateway  
  32  3:05  Gateway  
  33  3:25  Probe  
  34  3:37  Probe  
  34  4:26  Nexus  
  34  4:29  Pylon  
  34  4:31  Pylon  
  34  4:47  Zealot  
  34  4:48  Zealot x3  
  42  4:58  Pylon  
  42  5:04  Forge  
  42  5:10  Probe  
  42  5:12  Protoss Ground Armor Level 1, Zealot  
  42  5:13  Zealot x2  
  49  5:14  Zealot  
  51  5:22  Probe  
  51  5:23  Gateway  
  51  5:25  Gateway  
  51  5:27  Gateway  
  51  5:28  Gateway  
  52  5:34  Probe  
  53  5:41  Zealot  
  53  5:42  Zealot x2  
  59  5:47  Probe  
  60  5:59  Probe  
  60  6:03  Zealot x3  
  67  6:11  Probe  
  67  6:12  Probe  
  69  6:20  Probe  
  69  6:24  Probe  
  71  6:36  Probe  
  70  6:48  Probe  
  69  7:04  Zealot  
  69  7:05  Zealot x4  
  69  7:07  Sentry x2  
  69  7:08  Sentry  
  65  7:41  Zealot x3  
  65  7:42  Zealot  
  65  7:43  Zealot x2  
  65  7:44  Zealot  
  69  7:45  Zealot  
  65  8:18  Zealot x2  
  65  8:19  Zealot x3  
  75  8:22  Sentry x2  
  75  8:23  Sentry  
Show
View Real Time Build Order
Export as new Build Order

Mesrob Terran - Winner!

Build Orders:  

Get SALT Encoding   

  12  0:01  SCV  
  13  0:16  Supply Depot  
  13  0:23  Refinery  
  13  0:24  SCV  
  14  0:36  SCV  
  15  0:43  Barracks  
  15  0:48  SCV  
  16  1:00  SCV  
  17  1:10  Supply Depot  
  17  1:17  Refinery  
  17  1:22  Engineering Bay  
  17  1:38  Factory  
  17  1:51  Orbital Command  
  17  1:56  Barracks Tech Lab  
  17  2:16  Barracks  
  17  2:28  Barracks Reactor  
  17  2:33  Siege Tank  
  20  2:45  SCV  
  21  2:57  SCV  
  22  3:02  Terran Infantry Weapons Level 1  
  22  3:05  Siege Tank  
  25  3:06  Barracks Tech Lab  
  25  3:14  Marine x2  
  27  3:23  Supply Depot  
  27  3:37  Siege Tank  
  27  3:38  Marine  
  31  3:45  Marine  
  32  4:25  Marine  
  32  4:26  Marine x2  
  35  4:34  Starport  
  35  4:35  Siege Tank  
  38  4:43  Marine, Combat Shield  
  39  4:55  SCV  
  39  5:09  Marine x3  
  39  5:10  Siege Tank  
  39  5:11  Supply Depot  
  45  5:14  Terran Infantry Armor Level 1  
  45  5:27  Starport Reactor  
  45  5:35  Starport  
  45  5:40  Supply Depot  
  45  5:44  Marauder  
  47  6:03  Marine  
  47  6:04  Marine  
  48  6:05  Marine  
  50  6:19  Siege Tank  
  50  6:21  Marine x2  
  50  6:23  Marine  
  51  7:31  Command Center  
  34  8:04  Marine  
  34  8:05  Marine x2  
  36  8:12  Siege Tank  
  38  8:22  Marine  
  38  8:23  Marine x2  
Tags
 
Add a new tag
Caveats
  • Supply blocks, unpowered buildings, or Contaminate may cause inaccurate times.
  • Supply counts are checked every 10 seconds.